 Dungeon Crawl Stone Soup version 0.20.1-1-g8b1a95d (webtiles) character file.

14739 Linguinho the Grappler (level 11, -3/104 HPs)
             Began as a Troll Monk on Nov 13, 2017.
             Slain by a killer bee (6 damage)
             ... on level 3 of the Lair of Beasts.
             The game lasted 00:24:34 (9352 turns).

Linguinho the Grappler (Troll Monk)                 Turns: 9352, Time: 00:24:36

Health: -3/104     AC:  6    Str: 20    XL:     11   Next: 92%
Magic:  11/11      EV: 14    Int:  6    God:
Gold:   523        SH:  3    Dex: 14    Spells: 10/10 levels left

rFire    . . .     SeeInvis .     - Unarmed
rCold    . . .     Gourm    +   (no shield)
rNeg     + . .     Faith    .   a - +1 robe
rPois    +         Spirit   .   (helmet restricted)
rElec    .         Reflect  +   (no cloak)
rCorr    .         Harm     .   (gloves unavailable)
MR       .....     Rnd*Rage +   (boots unavailable)
Stlth    +++.......             n - +3 amulet of reflection
Regen    0.7/turn               l - ring of poison resistance
MPRegen  0.2/turn               r - ring of positive energy

@: no status effects
A: unfitting armour, antennae 1, claws 3, talons 1, agile 1, berserk 1, fast
metabolism 3, gourmand, regeneration 1, shaggy fur 1, tough skin 2, weak 2
a: no special abilities


You were on level 3 of the Lair of Beasts.
You were very full.

You visited 2 branches of the dungeon, and saw 12 of its levels.
You also visited: Ossuary.

You collected 579 gold pieces.
You spent 56 gold pieces at shops.

Inventory:

Missiles
 g - 199 stones (quivered)
Armour
 a - a +1 robe (worn)
Jewellery
 e - a +3 ring of strength {unknown}
 l - a ring of poison resistance (left claw)
 n - a +3 amulet of reflection (around neck)
 r - a ring of positive energy (right claw)
 I - a +3 ring of strength {unknown}
 P - a +6 ring of dexterity {unknown}
Wands
 k - a wand of iceblast (0/15)
 q - a wand of digging (16/24)
 w - a wand of iceblast (0/15)
 H - a wand of random effects (16/48)
 K - a wand of confusion (21/48)
 O - a wand of paralysis (15/24)
 S - a wand of random effects (27/48)
Scrolls
 d - 2 scrolls of amnesia
 j - 3 scrolls of enchant armour
 o - 2 scrolls of recharging {unknown}
 t - 3 scrolls of magic mapping {unknown}
 u - 2 scrolls of noise {unknown}
 v - a scroll of enchant weapon {unknown}
 x - a scroll of blinking {unknown}
 y - a scroll of immolation {unknown}
 z - a scroll of random uselessness {unknown}
 N - 5 scrolls of remove curse
Potions
 c - 5 potions of curing
 i - 4 potions of cancellation {unknown}
 m - a potion of brilliance {unknown}
 A - 4 potions of degeneration {unknown}
 B - 3 potions of resistance {unknown}
 C - 3 potions of heal wounds
 E - 6 potions of flight {unknown}
 F - a potion of might
 J - a potion of agility {unknown}
 L - a potion of mutation {unknown}
 M - a potion of lignification {unknown}
 R - a potion of haste {unknown}
Books
 h - a book of Geomancy

   Spells                             Type                      Level
   a - Sandblast                      Earth                        1
   b - Passwall                       Transmutation/Earth          2
   c - Stone Arrow                    Conjuration/Earth            3
   d - Petrify                        Transmutation/Earth          4
   e - Lee's Rapid Deconstruction     Earth                        5
 Q - a book of Flames

   Spells                             Type                      Level
   a - Flame Tongue                   Conjuration/Fire             1
   b - Throw Flame                    Conjuration/Fire             2
   c - Conjure Flame                  Conjuration/Fire             3
   d - Inner Flame                    Hexes/Fire                   3
   e - Sticky Flame                   Conjuration/Fire             4
   f - Fireball                       Conjuration/Fire             5
 T - a book of Changes

   Spells                             Type                      Level
   a - Beastly Appendage              Transmutation                1
   b - Sticks to Snakes               Transmutation                2
   c - Spider Form                    Transmutation/Poison         3
   d - Ice Form                       Ice/Transmutation            4
   e - Blade Hands                    Transmutation                5
Comestibles
 b - 4 bread rations
 f - 5 meat rations
 p - 4 chunks of flesh
 G - a royal jelly


   Skills:
 + Level 5.2 Fighting
 + Level 3.7 Throwing
 + Level 7.2 Dodging
 + Level 4.5 Stealth
 + Level 14.2 Unarmed Combat
 + Level 1.5 Evocations


You had 10 spell levels left.
You didn't know any spells.

Dungeon Overview and Level Annotations

Branches:
Dungeon (9/15)             Temple (0/1) D:7            Lair (3/6) D:9
 Spider (0/4) Lair:2
  Swamp: Lair:2-4    Shoals: Lair:2-4       Orc: D:9-12

Altars:
Ashenzari
Cheibriados
Elyvilon
Gozag
Kikubaaqudgha
Makhleb
Nemelex Xobeh
Okawaru
Qazlal
Uskayaw
Vehumet
Xom
Yredelemnul

Shops:
D:5 !


Innate Abilities, Weirdness & Mutations

You are too large for most types of armour.
You have claws for hands.
Your metabolism is lightning-fast.
You like to eat raw meat.
Your natural rate of healing is unusually fast.
You are covered in fur. (AC +1)
You have very tough skin. (AC +2)
You have a pair of small antennae on your head.
You have sharp toenails.
You are agile. (Dex +2)
You tend to lose your temper in combat.
You are very weak. (Str -4)


Message History

The killer bee completely misses you.
The killer bee stings you but does no damage.
You feel much better.
The killer bee stings you but does no damage.
The killer bee barely misses you.
The killer bee stings you but does no damage.
The killer bee stings you!
* * * LOW HITPOINT WARNING * * *
The killer bee stings you!
* * * LOW HITPOINT WARNING * * *
The killer bee completely misses you.
Okay, then.
As you read the scroll of fear, it crumbles to dust.
You assume a fearsome visage.
The killer bee resists with some effort.
The killer bee looks frightened!
The queen bee looks frightened!
The killer bee looks frightened! x2
The killer bee stings you but does no damage. x2
The killer bee stings you.
You die... #.## ##..# #P.## ..y ##.# y.. #.# .%y.. #.# ..... #.# #+..# #.# ##..## #@### ####....## #yyy#

#.#.#.#..## ###y##
##÷†.......# ##..yy#
#.y††.......
#).y..###.†.........
##..÷.#yy.#........#
#....#†.#...###...#
#.......#..## #....
#......#...# .....


You could see a queen bee (fleeing) and 5 killer bees.

Vanquished Creatures
  2 hydras (Lair:1)
  2 two-headed ogres (D:8)
  Maurice (D:8)
  7 spiny frogs
  Psyche (D:8)
  2 komodo dragons
  A jumping spider (Lair:2)
  2 hornets (D:9)
  A blink frog (Lair:2)
  2 hippogriffs (Lair:1)
  Eustachio (D:4)
  Grum (D:8)
  9 yaks
  2 hungry ghosts
  Menkaure (Ossuary)
  Edmund (D:4)
  The ghost of AdmiralAndromeda the Digger, an amateur GrEE (D:3)
  2 water moccasins
  Duvessa (D:4)
  3 porcupines
  An orc warrior (D:8)
  A hornet zombie (D:8)
  3 ice beasts
  3 ogres
  2 sky beasts (D:9)
  8 wolves
  3 centaurs (D:8)
  9 crocodiles
  A big kobold (D:9)
  8 bullfrogs
  Dowan (D:4)
  2 scorpions
  10 killer bees (Lair:3)
  3 wights
  3 howler monkeys (D:7)
  2 crimson imps
  11 orc priests
  2 hounds
  A jelly (D:5)
  Natasha (twice) (D:4)
  3 iguanas
  5 orc wizards
  5 worker ants
  Terence (D:2)
  A hound skeleton (D:4)
  2 mummies (Ossuary)
  Robin (D:4)
  A worker ant zombie (D:5)
  4 gnolls (D:5)
  8 adders
  3 shadow imps
  An ooze (D:3)
  An adder skeleton (D:5)
  2 worms
  4 dart slugs
  13 leopard geckos
  34 orcs
  5 ball pythons
  2 bats (D:1)
  5 giant cockroaches
  3 gnoll zombies (Ossuary)
  17 goblins
  9 hobgoblins
  9 jackals
  5 quokkas
  7 frilled lizards
  A goblin skeleton (Ossuary)
  2 goblin zombies (Ossuary)
  A hobgoblin skeleton (Ossuary)
  5 hobgoblin zombies (Ossuary)
  A jackal skeleton (D:5)
  6 kobolds
  A kobold skeleton (Ossuary)
  3 kobold zombies (Ossuary)
  3 orc skeletons (Ossuary)
  3 orc zombies (Ossuary)
  A quokka zombie (D:5)
  3 rats
  2 rat skeletons (Ossuary)
  2 rat zombies (Ossuary)
304 creatures vanquished.

Vanquished Creatures (others)
  A mummy (Ossuary)
  2 gnoll skeletons (Ossuary)
  2 goblin skeletons (Ossuary)
  A goblin zombie (Ossuary)
  2 hobgoblin skeletons (Ossuary)
  A kobold skeleton (Ossuary)
  2 kobold zombies (Ossuary)
  6 orc skeletons (Ossuary)
  4 orc zombies (Ossuary)
  4 rat skeletons (Ossuary)
  3 fungi (Lair:3)
  A plant (Lair:3)
29 creatures vanquished.

Grand Total: 333 creatures vanquished

Notes
Turn   | Place    | Note
-------+----------+-------------------------------------------
     0 | D:1      | Linguinho the Troll Monk began the quest for the Orb.
     0 | D:1      | Reached XP level 1. HP: 22/22 MP: 0/0
    85 | D:1      | Reached XP level 2. HP: 29/29 MP: 1/1
   376 | D:1      | Reached XP level 3. HP: 35/36 MP: 2/2
   621 | D:2      | Noticed Terence
   629 | D:2      | Killed Terence
   629 | D:2      | Reached XP level 4. HP: 33/44 MP: 3/3
   984 | D:3      | Reached skill level 4 in Unarmed Combat
   998 | D:3      | Noticed AdmiralAndromeda's ghost (amateur GrEE)
  1014 | D:3      | Killed AdmiralAndromeda's ghost
  1014 | D:3      | Reached XP level 5. HP: 15/53 MP: 4/4
  1201 | D:3      | Found a snail-covered altar of Cheibriados.
  1311 | D:3      | Reached skill level 1 in Throwing
  1653 | D:3      | Reached skill level 5 in Unarmed Combat
  1696 | D:4      | Noticed Robin
  1714 | D:4      | Reached XP level 6. HP: 47/61 MP: 5/5
  1716 | D:4      | Killed Robin
  1882 | D:4      | Noticed Eustachio
  1893 | D:4      | Killed Eustachio
  1893 | D:4      | Reached skill level 6 in Unarmed Combat
  1938 | D:4      | Noticed Natasha
  1943 | D:4      | Killed Natasha
  1943 | D:4      | Reached XP level 7. HP: 67/67 MP: 6/6
  2025 | D:4      | Found a sand-covered staircase.
  2034 | Ossuary  | Entered an ossuary
  2274 | Ossuary  | Noticed Menkaure
  2279 | Ossuary  | Killed Menkaure
  2350 | D:4      | Noticed Dowan
  2353 | D:4      | Noticed Duvessa
  2358 | D:4      | Killed Duvessa
  2358 | D:4      | Reached skill level 7 in Unarmed Combat
  2365 | D:4      | Killed Dowan
  2606 | D:4      | Noticed Natasha
  2612 | D:4      | Killed Natasha
  2709 | D:4      | Noticed Edmund
  2716 | D:4      | Killed Edmund
  2866 | D:5      | Entered Level 5 of the Dungeon
  2969 | D:5      | Reached skill level 8 in Unarmed Combat
  2969 | D:5      | Reached XP level 8. HP: 75/75 MP: 7/7
  3272 | D:5      | Found Gofigeaf's Distillery.
  3312 | D:5      | Bought a potion of might for 56 gold pieces
  4058 | D:6      | Reached skill level 9 in Unarmed Combat
  4653 | D:7      | Found a basalt altar of Yredelemnul.
  4785 | D:7      | Found a staircase to the Ecumenical Temple.
  4900 | D:7      | Reached XP level 9. HP: 82/83 MP: 8/8
  5095 | D:7      | Found a burning altar of Makhleb.
  5141 | D:7      | Found a sparkling altar of Nemelex Xobeh.
  5330 | D:8      | Noticed Grum
  5424 | D:8      | Killed Grum
  5424 | D:8      | Reached skill level 10 in Unarmed Combat
  5591 | D:8      | Noticed Maurice
  5601 | D:8      | Killed Maurice
  5601 | D:8      | Reached skill level 5 in Dodging
  5619 | D:8      | Noticed Psyche
  5626 | D:8      | Killed Psyche
  5677 | D:8      | Noticed a two-headed ogre
  5802 | D:8      | Reached skill level 11 in Unarmed Combat
  5861 | D:8      | Noticed a two-headed ogre
  5870 | D:8      | Killed a two-headed ogre
  5870 | D:8      | Reached XP level 10. HP: 52/92 MP: 9/9
  6231 | D:8      | Found a white marble altar of Elyvilon.
  6233 | D:8      | Found an ancient bone altar of Kikubaaqudgha.
  6236 | D:8      | Found an opulent altar of Gozag.
  6238 | D:8      | Found a shattered altar of Ashenzari.
  6240 | D:8      | Found a radiant altar of Vehumet.
  6321 | D:8      | Killed a two-headed ogre
  6467 | D:8      | Found a stormy altar of Qazlal.
  6689 | D:9      | Reached skill level 12 in Unarmed Combat
  6699 | D:9      | Gained mutation: You are weak. (Str -2) [mutagenic meat]
  6700 | D:9      | Gained mutation: You have sharp toenails. [mutagenic meat]
  6701 | D:9      | Gained mutation: You tend to lose your temper in combat. [mutagenic meat]
  6702 | D:9      | Gained mutation: You are very weak. (Str -4) [mutagenic meat]
  6703 | D:9      | Gained mutation: You have a pair of small antennae on your head. [mutagenic meat]
  6704 | D:9      | Gained mutation: You are agile. (Dex +2) [mutagenic meat]
  6754 | D:9      | Found a staircase to the Lair.
  7054 | D:9      | Found an iron altar of Okawaru.
  7054 | D:9      | Found a shimmering altar of Xom.
  7055 | D:9      | Found a hide-covered altar of Uskayaw.
  7326 | Lair:1   | Entered Level 1 of the Lair of Beasts
  7355 | Lair:1   | Noticed a spiny frog
  7361 | Lair:1   | Killed a spiny frog
  7491 | Lair:1   | Noticed a spiny frog
  7502 | Lair:1   | Reached XP level 11. HP: 55/101 MP: 10/10
  7518 | Lair:1   | Reached skill level 13 in Unarmed Combat
  7897 | Lair:1   | Noticed a six-headed hydra
  7912 | Lair:1   | Killed a seven-headed hydra
  7999 | Lair:1   | Noticed a four-headed hydra
  8011 | Lair:1   | Killed a five-headed hydra
  8390 | Lair:2   | Found a hole to the Spider Nest.
  8693 | Lair:2   | Noticed a seven-headed hydra
  8695 | Lair:2   | Reached skill level 1 in Evocations
  8730 | Lair:2   | Reached skill level 5 in Fighting
  8833 | Lair:3   | Reached skill level 14 in Unarmed Combat
  9349 | Lair:3   | HP: 1/104 [killer bee (11)]
  9352 | Lair:3   | Slain by a killer bee

Skill      XL: |  1  2  3  4  5  6  7  8  9 10 11 |
---------------+----------------------------------+-----
Dodging        | 3 4 5 6 7 |  7.2
Unarmed Combat | 4 5 6 8 9 11 12 14 | 14.2
Fighting       | 3 4 5 |  5.2
Throwing       | 1 2 3 |  3.7
Stealth        | 2 3 4 |  4.5
Evocations     | 1 |  1.5

Action                   |  1- 3 |  4- 6 |  7- 9 | 10-12 || total
-------------------------+-------+-------+-------+-------++-------
Melee: Unarmed           |    77 |   134 |   366 |   282 ||   859
       Punch             |     1 |     4 |    20 |    17 ||    42
       Kick              |       |       |       |    67 ||    67
Throw: Stone             |     6 |    37 |    66 |    29 ||   138
Evoke: Wand              |       |       |     1 |    14 ||    15
  Use: Scroll            |       |       |     6 |     7 ||    13
       Potion            |       |       |       |     8 ||     8
 Stab: Sleeping          |     2 |     3 |     7 |     6 ||    18
       Distracted        |     1 |       |       |     1 ||     2
  Eat: Chunk             |     9 |    14 |    36 |    43 ||   102
       Fruit             |       |       |       |     1 ||     1
Armor: Robe              |    28 |    32 |    70 |    61 ||   191
Dodge: Dodged            |    40 |    57 |   152 |   202 ||   451
Block: Other             |       |       |    27 |    44 ||    71
       Reflection        |       |       |       |     1 ||     1
